 Dungeon Crawl Stone Soup version 0.25-a0-645-gb4487340cb (webtiles) character file.

Game seed: 8409657737976841597, levelgen mode: classic

48 EnegeticOcto the Gusty (level 3, 0/16 HPs)
             Began as a Spriggan Air Elementalist on Mar 21, 2020.
             Shot with a stone by a goblin (1 damage)
             ... on level 3 of the Dungeon.
             The game lasted 00:08:10 (791 turns).

EnegeticOcto the Gusty (Spriggan Air Elementalist)   Turns: 791, Time: 00:08:10

Health: 0/16       AC:  2    Str:  4    XL:     3   Next: 50%
Magic:  3/8        EV: 18    Int: 17    God:
Gold:   32         SH:  0    Dex: 16    Spells: 3/7 levels left

rFire    . . .     SeeInvis +   d - +0 short sword (curse)
rCold    . . .     Gourm    .   (shield restricted)
rNeg     . . .     Faith    .   a - +0 robe
rPois    .         Spirit   .   (helmet restricted)
rElec    .         Reflect  .   (no cloak)
rCorr    .         Harm     .   (gloves unavailable)
MR       .....                  (boots unavailable)
Stlth    ++........             (no amulet)
HPRegen  0.05/turn              (no ring)
MPRegen  0.11/turn              (no ring)

@: very slightly contaminated, very quick
A: very small, unfitting armour, see invisible, herbivore, speed 3, slow
metabolism 2
a: no special abilities


You were on level 3 of the Dungeon.
You were not hungry.

You visited 1 branch of the dungeon, and saw 3 of its levels.

You collected 32 gold pieces.

Inventory:

Hand Weapons
 c - a +0 dagger
 d - a cursed +0 short sword (weapon)
Armour
 a - a +0 robe (worn)
Scrolls
 b - a scroll of magic mapping {unknown}
 f - a scroll of fog {unknown}
 h - 3 scrolls of random uselessness {unknown}
 i - a scroll of teleportation {unknown}
Potions
 g - a potion of curing {unknown}
 j - a potion of flight {unknown}
Comestibles
 e - 3 rations


   Skills:
 - Level 3.0 Dodging
 - Level 3.0 Stealth
 - Level 2.6 Spellcasting
 - Level 0.6 Conjurations
 + Level 4.1 Air Magic


You had 3 spell levels left.
You knew the following spells:

 Your Spells              Type           Power        Failure   Level  Hunger
a - Shock                 Conj/Air       ##..         7%          1    #......
b - Static Discharge      Conj/Air       ##......     21%         3    ###....

Your spell library contained the following spells:

 Spells                   Type           Power        Failure   Level  Hunger
 Swiftness                Chrm/Air       #.......     12%         2    ##.....
 Airstrike                Air            ###.......   32%         4    #####..
 Lightning Bolt           Conj/Air       ##........   88%         5    ######.


Dungeon Overview and Level Annotations

Branches:
Dungeon (3/15)

Altars:
Nemelex Xobeh

Annotations:
D:2 Sigmund


Innate Abilities, Weirdness & Mutations

You are very small and have problems with some larger weapons.
You are too small for most types of armour.
You have supernaturally acute eyesight. (SInv)
You are a herbivore.
You cover ground extremely quickly.
You need to consume almost no food.


Message History

Aiming: Shock (safe; 7% risk of failure)
Press: ? - help, Shift-Dir - straight line The zap hits the quokka.
You kill the quokka!
There is a stone staircase leading down here.
You climb downwards.
Found a sparkling altar of Nemelex Xobeh.
There is a stone staircase leading up here.
Found 19 gold pieces.
Found a smoky pink potion.
A bat and an orc come into view.
You see here 19 gold pieces.
You now have 32 gold pieces (gained 19).
Casting: Shock (safe; 7% risk of failure)
Confirm with . or Enter, or press ? or * to list all spells.
Aiming: Shock (safe; 7% risk of failure)
Press: ? - help, Shift-Dir - straight line The zap hits the orc.
The orc is moderately wounded.
The orc shouts!
The zap misses the bat. x2; The orc throws a boomerang.
The boomerang hits you!
The weapon returns to the orc!
Casting: Shock (safe; 7% risk of failure)
Confirm with . or Enter, or press ? or * to list all spells.
Aiming: Shock (safe; 7% risk of failure)
Press: ? - help, Shift-Dir - straight line The zap hits the orc.
The orc is severely wounded.
The zap hits the bat.
The bat is severely wounded.
The zap misses the bat.
The orc throws a boomerang.
The boomerang closely misses you.
The weapon returns to the orc!
Casting: Shock (safe; 7% risk of failure)
Confirm with . or Enter, or press ? or * to list all spells.
Aiming: Shock (safe; 7% risk of failure)
Press: ? - help, Shift-Dir - straight line The zap hits the orc.
You kill the orc!
The zap misses the bat.
The zap hits the bat.
You kill the bat!
j - a smoky pink potion A kobold comes into view.
It is wielding a +0 rapier and quivering 4 poisoned darts.
Found an escape hatch in the floor.
There is a stone staircase leading up here.
There is a fountain of sparkling water here.
There is a fountain of sparkling water here.
There is a stone staircase leading up here.
You climb upwards.
There is a stone staircase leading down here.
There is a stone staircase leading down here.
Found a bubbling red potion.
Sigmund the Dreaded comes into view.
He is wielding a +0 scythe.
Found a dagger and 9 gold pieces.
A bat comes into view.
Casting: Shock (safe; 7% risk of failure)
Confirm with . or Enter, or press ? or * to list all spells.
You miscast Static Discharge.
You are very lightly contaminated with residual magic.
You smell something strange.
Sigmund completely misses you.
A rat comes into view.
There is a stone staircase leading down here.
You climb downwards.
Found a ration.
There is a stone staircase leading up here.
Autopickup is now off.
A kobold comes into view. It is wielding a -3 short sword.
The kobold shouts!
You see here a ration.
You eat the ration.
That ration really hit the spot!
Casting: Static Discharge (safe; 21% risk of failure)
Confirm with . or Enter, or press ? or * to list all spells.
Aiming: Shock (safe; 7% risk of failure)
Press: ? - help, Shift-Dir - straight line The zap hits the kobold.
The kobold is severely wounded.
The zap hits the kobold.
You kill the kobold!
Unknown command.
Autopickup is now on.
A goblin comes into view. It is wielding a +0 club.
The goblin shouts!
The goblin unwields a +0 club.
The goblin wields a +0 hunting sling.
The goblin shoots a stone.
The stone hits you.
You see here a stone.
Casting: Shock (safe; 7% risk of failure)
Confirm with . or Enter, or press ? or * to list all spells.
Aiming: Shock (safe; 7% risk of failure)
Press: ? - help, Shift-Dir - straight line, f - goblin
Aim: a goblin, wielding a +0 hunting sling and quivering 17 stones The zap hits the goblin.
The goblin is heavily wounded.
The goblin shoots a stone.
The stone hits you.
* * * LOW HITPOINT WARNING * * *
Casting: Shock (safe; 7% risk of failure)
Confirm with . or Enter, or press ? or * to list all spells.
Aiming: Shock (safe; 7% risk of failure)
Press: ? - help, Shift-Dir - straight line, f/p - goblin
Aim: a goblin, wielding a +0 hunting sling and quivering 16 stones (heavily wounded)
The zap misses the goblin.
The goblin shoots a stone.
The stone hits you.
You die...

#..###..##)##.#
#.......#.#.#.###.#
#.##.##..###<....#
.........## ##.#.##
###.######.###.#.#
#. ##.#.# ## #.
####.# #. #.(..#
#@#### #...#
..g.... ####.####
#. #. #


You could see a goblin.

Vanquished Creatures
  Robin (D:2)
  A worm (D:2)
  A dart slug (D:1)
  An orc (D:3)
  4 bats
  2 giant cockroaches (D:1)
  A hobgoblin (D:2)
  2 kobolds
  A quokka (D:2)
  5 frilled lizards
  10 goblins (D:2)
  3 rats (D:1)
32 creatures vanquished.

Notes
Turn   | Place    | Note
-------+----------+-------------------------------------------
     0 | D:1      | EnegeticOcto the Spriggan Air Elementalist began the quest
                  | for the Orb.
     0 | D:1      | Reached XP level 1. HP: 9/9 MP: 5/5
    72 | D:1      | Reached skill level 3 in Air Magic
   103 | D:1      | Reached XP level 2. HP: 6/13 MP: 0/6
   374 | D:2      | Noticed Robin
   509 | D:2      | Reached XP level 3. HP: 7/16 MP: 2/8
   587 | D:2      | Killed Robin
   587 | D:2      | Reached skill level 4 in Air Magic
   640 | D:2      | Learned a level 3 spell: Static Discharge
   676 | D:3      | Found a sparkling altar of Nemelex Xobeh.
   743 | D:2      | Noticed Sigmund
   791 | D:3      | Shot with a stone by a goblin

Levels and vault maps discovered:
D:1:      dpeg_arrival_tiny_i, layout_basic
D:2:      layout_loops_cross, overflow_temple_1_default, serial_forest,
          infiniplex_forest_clump_diagonal, infiniplex_forest_clump_small,
          infiniplex_forest_clump_long, infiniplex_forest_lined_2,
          infiniplex_forest_straight_1, infiniplex_forest_clump_small,
          infiniplex_forest_diagonal, infiniplex_forest_straight_4,
          infiniplex_forest_zigzag_1, infiniplex_forest_lined_room_3,
          minivault_27, uniq_sigmund, uniq_robin
D:3:      layout_loops_ring, lightli_temple_of_fire,
          nemelex_xobeh_ov_fountains_minmay

Skill      XL: |  1  2  3 |
---------------+----------+-----
Air Magic      | 3 4 |  4.1
Dodging        | |  3.0
Stealth        | |  3.0
Spellcasting   | |  2.6
Conjurations   | |  0.6

Action                   || total
-------------------------++-------
Melee: Dagger            ||    19
       Unarmed           ||     5
       Short sword       ||    18
 Cast: Shock             ||    41
 Stab: Sleeping          ||     4
  Eat: Ration            ||     1
Armor: Robe              ||    12
Dodge: Dodged            ||    77

Table legend:
 A = Non-vault XP
 B = Vault XP
 C = Vault XP percentage of total XP
 D = Non-vault monster count
 E = Vault monster count
 F = Vault count percentage of total count
                 A         B        C        D         E       F
            +---------+---------+-------+---------+---------+-------
      Total |      36 |      33 |  47.8 |      20 |      12 |  37.5
            +---------+---------+-------+---------+---------+-------
        D:1 |      18 |       0 |   0.0 |      11 |       0 |   0.0
        D:2 |      12 |      33 |  73.3 |       6 |      12 |  66.7
        D:3 |       6 |       0 |   0.0 |       3 |       0 |   0.0
            +---------+---------+-------+---------+---------+-------
